 Dungeon Sprint DCSS version 0.28-a0-998-gb9e9c7b67e (webtiles) character file.

Game seed: 5986091881850966373

8004 mhtbhm the Impaler (level 11, -11/113 HPs)
             Began as a Purple Draconian Berserker on Dec 5, 2021.
             Was the Champion of Trog.
             Shot with a bolt by an orc knight (32 damage)
             ... in the Dungeon (Sprint IX: "|||||||||||||||||||||||||||||").
             The game lasted 00:03:13 (1709 turns).

mhtbhm the Impaler (Purple Draconian Berserker)     Turns: 1709, Time: 00:03:13

Health: -11/113    AC: 13    Str: 24    XL:     11   Next: 4%
Magic:  11/11      EV: 16    Int:  7    God:    Trog [******]
Gold:   23         SH:  0    Dex: 11    Spells: 10/10 levels left

rFire   . . .      SeeInvis .   a - +2 halberd (protect)
rCold   . . .      Faith    .   (shield currently unavailable)
rNeg    . . .      Spirit   .   (armour unavailable)
rPois   .          Reflect  .   (helmet restricted)
rElec   .          Harm     .   (no cloak)
rCorr   .          Rampage  .   j - +0 pair of gloves
Will    +....      NoTele   +   s - +0 pair of boots
Stlth   +++.......              (no amulet)
HPRegen 0.28/turn               k - +2 ring of protection
MPRegen 0.12/turn               l - +2 ring of protection

@: on berserk cooldown, studying Throwing
A: breathe power, AC +7, unfitting armour, cold-blooded
a: Breathe Dispelling Energy, Renounce Religion, Berserk, Trog's Hand, Brothers
in Arms


You were in the Dungeon.
You worshipped Trog.
Trog was exalted by your worship.
You visited 1 branch You collected 23 gold pieces.

Inventory:

Hand Weapons
 a - a +2 halberd of protection (weapon)
Missiles
 m - a curare-tipped dart (quivered)
 t - 5 silver javelins
Armour
 j - a +0 pair of gloves (worn)
 s - a +0 pair of boots (worn)
Jewellery
 k - a +2 ring of protection (left hand)
 l - a +2 ring of protection (right hand)
Wands
 i - a wand of iceblast (10)
Scrolls
 g - 3 scrolls of blinking
 o - a scroll of identify
 p - 4 scrolls of enchant weapon
 q - a scroll of fog
 r - a scroll of fear
Potions
 b - 6 potions of curing
 c - 6 potions of heal wounds
 d - a potion of haste
 e - 4 potions of magic
 f - 2 potions of berserk rage
 h - a potion of invisibility
 n - a potion of mutation


   Skills:
 + Level 15.4 Fighting
 + Level 17.8 Polearms
 + Level 12.3 Dodging
 + Level 7.6 Stealth


You had 10 spell levels left.
You didn't know any spells.
Your spell library was empty.

Dungeon Overview and Level Annotations

Branches:
Dungeon (1/1)

Altars:
Cheibriados
Dithmenos
Elyvilon
Fedhas
Gozag
Hepliaklqana
Kikubaaqudgha
Makhleb
Nemelex Xobeh
Okawaru
Qazlal
Ru
Sif Muna
Trog
Uskayaw
Vehumet
Wu Jian
Xom
Yredelemnul
Zin
The Shining One
Beogh
Jiyva
Lugonu


Innate Abilities, Weirdness & Mutations

You can breathe bolts of dispelling energy.
Your rich purple scales are hard. (AC +7)
You cannot fit into any form of body armour.
You are cold-blooded and may be slowed by cold attacks.


Message History

The orc knight unwields a +0 great sword.
The orc knight wields a +0 arbalest.
The orc knight shoots a bolt.
The bolt hits you.
Items here: $ ))) [[ †††.
The orc knight roars a battlecry!
The orc goes into a battle-frenzy!
Items here: $ ))) [[[ ††.
The orc knight shoots a bolt.
The bolt hits you!!
The orc knight shoots a bolt.
The bolt barely misses you.
Items here: $ )) [.
The orc knight shoots a bolt.
The bolt hits you!
There is an open door to the Orcish Mines here.
The orc knight shoots a bolt.
The bolt hits you!!
The orc knight shoots a bolt.
The bolt hits you!!
* * * LOW HITPOINT WARNING * * *
The orc knight shoots a bolt.
The bolt misses you.
The orc knight shoots a bolt.
The bolt misses you.
The orc knight shoots a bolt.
The bolt hits you!!
* * * LOW HITPOINT WARNING * * *
The orc knight shoots a bolt.
The bolt closely misses you.
You hear a shout!
The orc knight shoots a bolt.
The bolt closely misses you.
The orc knight shoots a bolt.
The bolt closely misses you.
You feel much better.
The orc knight shoots a bolt.
The bolt misses you.
The orc knight shoots a bolt.
The bolt closely misses you.
Your cyclops goes berserk!
The orc knight shoots a bolt.
The bolt hits you!!
* * * LOW HITPOINT WARNING * * *
Unknown command.
You swap places.
The orc knight roars a battlecry!
The orc knight shoots a bolt.
The bolt hits your cyclops but does no damage.
The orc knight shoots a bolt.
The bolt hits your cyclops!!
The orc knight shoots a bolt.
The bolt hits your cyclops!!
You feel yourself speed up.
The orc knight shoots a bolt.
The bolt completely misses your cyclops.
The bolt hits you!!
You die...

▓.▓.▓.▓.▓.▓
▓.▓.▓'▓)▓o▓
▓.▓.▓.▓.▓o▓
▓.▓.▓.▓.▓C▓
▓÷▓.▓.▓.▓.▓
▓.▓.▓.▓.▓.▓
▓.▓.▓.▓.▓.▓
▓.▓.▓.▓.▓.▓
▓<▓...▓.@.▓
▓▓▓▓▓▓▓▓▓▓▓


You could see an orc knight (ally target), an orc (strong) and a friendly
cyclops (summoned, berserk).

Vanquished Creatures
  A centaur warrior (D)
  Urug (D)
  3 cane toads (D)
  A black mamba (D)
  2 komodo dragons (D)
  2 trolls (D)
  4 blink frogs (D)
  A tyrant leech (D)
  A shadow (D)
  A yak (D)
  A vampire (D)
  2 vampire mosquitoes (D)
  An acid dragon (D)
  2 black bears (D)
  5 water moccasins (D)
  3 orc warriors (D)
  A wolf (D)
  A centaur (D)
  A kobold brigand (D)
  2 bullfrogs (D)
  A killer bee (D)
  3 orc priests (D)
  3 orc wizards (D)
  An adder (D)
  4 orcs (D)
  An endoplasm (D)
  A giant cockroach (D)
  A frilled lizard (D)
  2 rats (D)
53 creatures vanquished.

Vanquished Creatures (collateral kills)
  A gargoyle (D)
  A cane toad (D)
  2 komodo dragons (D)
  A vampire mosquito (D)
  2 water moccasins (D)
7 creatures vanquished.

Grand Total: 60 creatures vanquished

Notes
Turn   | Place    | Note
-------+----------+-------------------------------------------
     0 | D        | mhtbhm the Draconian Berserker began the quest for the Orb.
     0 | D        | Reached XP level 1. HP: 19/19 MP: 1/1
    13 | D        | Reached ** piety under Trog
    56 | D        | Noticed a black bear
    56 | D        | Noticed a black bear
    60 | D        | Reached XP level 2. HP: 28/28 MP: 2/2
    65 | D        | Killed a black bear
    65 | D        | Reached *** piety under Trog
    66 | D        | Reached skill level 6 in Polearms
    66 | D        | Reached skill level 5 in Dodging
    66 | D        | Reached skill level 1 in Stealth
    66 | D        | Reached XP level 3. HP: 24/38 MP: 3/3
    66 | D        | Reached XP level 4. HP: 28/45 MP: 4/4
   234 | D        | Killed a black bear
   235 | D        | Reached skill level 7 in Polearms
   235 | D        | Reached XP level 5. HP: 53/53 MP: 5/5
   244 | D        | Found a snail-covered altar of Cheibriados.
   244 | D        | Found a shadowy altar of Dithmenos.
   244 | D        | Found a white marble altar of Elyvilon.
   244 | D        | Found a blossoming altar of Fedhas.
   244 | D        | Found an opulent altar of Gozag.
   245 | D        | Found a hazy altar of Hepliaklqana.
   246 | D        | Found a viscous altar of Jiyva.
   247 | D        | Found an ancient bone altar of Kikubaaqudgha.
   248 | D        | Found a corrupted altar of Lugonu.
   249 | D        | Found a burning altar of Makhleb.
   250 | D        | Found a sparkling altar of Nemelex Xobeh.
   251 | D        | Found an iron altar of Okawaru.
   252 | D        | Found a stormy altar of Qazlal.
   253 | D        | Found a sacrificial altar of Ru.
   254 | D        | Found a shimmering blue altar of Sif Muna.
   255 | D        | Found a bloodstained altar of Trog.
   256 | D        | Found a hide-covered altar of Uskayaw.
   257 | D        | Found a radiant altar of Vehumet.
   258 | D        | Found an ornate altar of the Wu Jian Council.
   259 | D        | Found a shimmering altar of Xom.
   260 | D        | Found a basalt altar of Yredelemnul.
   261 | D        | Found a glowing silver altar of Zin.
   262 | D        | Found a glowing golden altar of the Shining One.
   390 | D        | Noticed a shadow
   390 | D        | Noticed a troll
   390 | D        | Noticed a yak
   390 | D        | Noticed an acid dragon
   395 | D        | Killed an acid dragon
   396 | D        | Reached skill level 8 in Polearms
   396 | D        | Reached XP level 6. HP: 62/62 MP: 6/6
   399 | D        | Reached **** piety under Trog
   409 | D        | Killed a yak
   410 | D        | Reached skill level 9 in Polearms
   410 | D        | Your scales start taking on a rich purple colour.
   410 | D        | Reached XP level 7. HP: 71/71 MP: 7/7
   412 | D        | Killed a troll
   413 | D        | Reached skill level 10 in Fighting
   413 | D        | Reached skill level 10 in Polearms
   416 | D        | Killed a shadow
   416 | D        | Reached ***** piety under Trog
   586 | D        | Noticed a vampire mosquito
   586 | D        | Noticed a gargoyle
   586 | D        | Noticed a vampire
   586 | D        | Noticed a troll
   586 | D        | Noticed a centaur warrior
   588 | D        | Reached skill level 11 in Polearms
   588 | D        | Reached XP level 8. HP: 82/82 MP: 8/8
   697 | D        | Killed a centaur warrior
   698 | D        | Reached skill level 12 in Polearms
   698 | D        | Reached skill level 10 in Dodging
   706 | D        | Killed a troll
   706 | D        | Received a gift from Trog
   710 | D        | Reached skill level 5 in Stealth
   710 | D        | Reached XP level 9. HP: 41/90 MP: 9/9
   714 | D        | Killed a gargoyle
   715 | D        | Reached skill level 13 in Polearms
  1070 | D        | Noticed a cane toad
  1070 | D        | Noticed a black mamba
  1070 | D        | Noticed a cane toad
  1076 | D        | Noticed a komodo dragon
  1091 | D        | Killed a cane toad
  1092 | D        | Reached skill level 14 in Polearms
  1093 | D        | Noticed a komodo dragon
  1097 | D        | Killed a black mamba
  1101 | D        | Killed a cane toad
  1103 | D        | Killed a komodo dragon
  1103 | D        | Killed a komodo dragon
  1104 | D        | Reached skill level 15 in Polearms
  1104 | D        | Reached XP level 10. HP: 64/102 MP: 10/10
  1237 | D        | Received a gift from Trog
  1242 | D        | Noticed a cane toad
  1254 | D        | Reached skill level 16 in Polearms
  1257 | D        | Killed a cane toad
  1300 | D        | Noticed a cane toad
  1318 | D        | Reached ****** piety under Trog
  1318 | D        | Received a gift from Trog
  1319 | D        | Reached skill level 17 in Polearms
  1326 | D        | Killed a cane toad
  1383 | D        | Reached skill level 15 in Fighting
  1475 | D        | Noticed Urug
  1491 | D        | Killed Urug
  1664 | D        | Reached XP level 11. HP: 112/112 MP: 11/11
  1664 | D        | Received a gift from Trog
  1679 | D        | Noticed an orc knight
  1683 | D        | Received a gift from Trog
  1696 | D        | HP: 4/113 [orc knight/bolt (23)]
  1709 | D        | Shot with a bolt by an orc knight

Illustrated notes

Levels and vault maps discovered:
D:        linesprint [early_d, line_temple, items_1, d_10, items_2, lair_1,
          lair_end, items_3, orc_1, orc_end, items_4, d_15, swamp_1, shoals_1,
          snake_1, spider_1, d_20, vaults_1, items_5, swamp_end, shoals_end,
          snake_end, spider_end, vaults_end, d_27, items_6, zot_1, zot_end,
          crypt_end, forest_end, elf_end, slime_end, tomb_end, abyss_end,
          pan_hell_end]

Skill      XL: |  1  2  3  4  5  6  7  8  9 10 |
---------------+-------------------------------+-----
Dodging        | 3 5 6 7 8 9 10 11 12 | 12.3
Fighting       | 4 6 8 9 11 12 13 15 | 15.4
Polearms       | 6 7 8 9 11 12 15 17 | 17.8
Stealth        | 1 2 3 5 6 7 |  7.6

Action                   |  1- 3 |  4- 6 |  7- 9 | 10-12 || total
-------------------------+-------+-------+-------+-------++-------
Melee: Spear             |    20 |    10 |       |       ||    30
       Tailslap          |     5 |     1 |     3 |    12 ||    21
       Halberd           |       |    18 |    51 |    92 ||   161
Invok: Berserk           |     1 |     2 |     2 |     3 ||     8
       Brothers in Arms  |       |       |     2 |     1 ||     3
  Use: Potion            |       |       |     1 |     1 ||     2
 Stab: Sleeping          |     1 |       |     1 |     1 ||     3
Armor: Skin              |     2 |     7 |    12 |     5 ||    26
Dodge: Dodged            |    10 |     9 |    23 |    30 ||    72

Table legend: (Time is in decaauts)
 A = Elapsed time spent in this place.
 B = Non-inter-level travel time spent in this place.
 C = Inter-level travel time spent in this place.
 D = Time resting spent in this place.
 E = Time spent auto-exploring this place.
 F = Levels seen in this place.
 G = Mean time per level.
                   A        B        C        D        E       F      G
               +--------+--------+--------+--------+--------+-----+--------+
         Total |   1732 |   1732 |      0 |   1186 |    144 |   1 | 1732.0 |
       Dungeon |   1732 |   1732 |      0 |   1186 |    144 |   1 | 1732.0 |
               +--------+--------+--------+--------+--------+-----+--------+

Top non-repeatable levels by time:
       D: 1732 daAuts
